 Dungeon Crawl Stone Soup version 0.18.1-50-g88ac8fd (webtiles) character file.

55941 theElss the Basher (level 14, 0/138 HPs)
             Began as a Gargoyle Berserker on Oct 10, 2016.
             Was a High Priest of Trog.
             Slain by an orc warrior
             ... wielding a +0 dire flail
              (24 damage)
             ... on level 1 of the Orcish Mines.
             The game lasted 01:07:19 (19097 turns).

theElss the Basher (Gargoyle Berserker)            Turns: 19097, Time: 01:07:20

Health: 0/138      AC: 37    Str: 32    XL:     14   Next: 79%
Magic:  22/22      EV:  6    Int: 10    God:    Trog [*****.]
Gold:   758        SH: 20    Dex: 16    Spells: 0 memorised, 13 levels left

rFire  . . .     SeeInvis .     z - +5 flail "Fetseism" {crush, +Blink rPois Str+3 Dex+4}
rCold  . . .     Gourm    .     S - +0 crystal plate armour
rNeg   + . .     Faith    .     o - +0 large shield
rPois  ∞         Spirit   .     v - +1 hat
rElec  +         Dismiss  .     I - +0 cloak
rCorr  .         Reflect  .     X - +0 pair of gloves
SustAt .         Harm     .     C - +0 pair of boots
MR     ++...                    i - amulet of regeneration
Stlth  ..........               t - +3 ring of dexterity
                                x - ring of protection from magic

@: berserking (expiring), flying, very quick, very resistant to hostile
enchantments, extremely unstealthy
A: big wings, negative energy resistance 1, electricity resistance, unbreathing,
petrification resistance, rot immunity, AC +9
a: Stop Flying, Berserk, Trog's Hand, Brothers in Arms, Burn Spellbooks,
Renounce Religion, Evoke Blink


You were on level 1 of the Orcish Mines.
You worshipped Trog.
Trog was extremely pleased with you.
You were not hungry.

You visited 3 branches of the dungeon, and saw 21 of its levels.
You also visited: Bailey.

You collected 1530 gold pieces.
You spent 772 gold pieces at shops.

Inventory:

Hand Weapons
 z - the +5 flail "Fetseism" (weapon) {crush, +Blink rPois Str+3 Dex+4}
   (You found it on level 4 of the Dungeon)

   It inflicts extra damage upon your enemies.
   It affects your strength (+3).
   It affects your dexterity (+4).
   It protects you from poison.
   It lets you blink.
Armour
 o - a +0 large shield (worn)
 v - a +1 hat (worn)
 C - a +0 pair of boots (worn)
 E - the +1 ring mail "Alig Fyo" {rPois rN++ Int-2 Dex+8}
   (You found it on level 5 of the Lair of Beasts)

   It affects your intelligence (-2).
   It affects your dexterity (+8).
   It protects you from poison.
   It greatly protects you from negative energy.
 I - a +0 cloak (worn)
 S - a +0 crystal plate armour (worn)
 V - the +8 scale mail "Addouth" {rElec}
   (You found it on level 7 of the Lair of Beasts)

   It insulates you from electricity.
 X - a +0 pair of gloves (worn)
Jewellery
 a - an uncursed ring of resist corrosion
 i - an amulet of regeneration (around neck)
 m - an uncursed amulet of guardian spirit
 t - a +3 ring of dexterity (right hand)
 x - a ring of protection from magic (left hand)
 W - an uncursed ring of fire
Wands
 c - a wand of heal wounds (0/9)
 d - a wand of slowing (31/48)
 e - a wand of random effects (35/48)
 y - a wand of flame (22/48)
 F - a wand of slowing (23/48)
 J - a wand of confusion (31/48)
 K - a wand of acid (9/15)
 L - a wand of hasting (1/9)
 U - a wand of iceblast (6/15)
 Z - a wand of confusion (3/48)
Scrolls
 h - 5 scrolls of magic mapping
 j - 8 scrolls of teleportation
 q - 3 scrolls of identify
 r - 5 scrolls of fear
 w - 12 scrolls of remove curse
 D - 4 scrolls of blinking
 N - 2 scrolls of fog
 P - a scroll of enchant armour
 Q - a scroll of recharging
Potions
 g - 9 potions of curing
 k - a potion of flight
 l - a potion of might
 n - 3 potions of brilliance
 u - a potion of beneficial mutation
 B - 2 potions of resistance
 H - 4 potions of heal wounds
 M - a potion of berserk rage
 O - 3 potions of invisibility
 R - 5 potions of haste
 T - 3 potions of cancellation
 Y - a potion of magic
Books
 f - a book of the Earth

   Spells                             Type                      Level
   a - Leda's Liquefaction            Hexes/Earth                  4
   b - Bolt of Magma                  Conjuration/Fire/Earth       5
   c - Statue Form                    Transmutation/Earth          6
   d - Iron Shot                      Conjuration/Earth            6
   e - Shatter                        Earth                        9
   Trog disapproves of the use of such an item.
 G - a book of Battle

   Spells                             Type                      Level
   a - Infusion                       Charms                       1
   b - Shroud of Golubria             Charms/Translocation         2
   c - Song of Slaying                Charms                       2
   d - Spectral Weapon                Hexes/Charms                 3
   e - Regeneration                   Charms/Necromancy            3
   Trog disapproves of the use of such an item.
Miscellaneous
 p - a phial of floods
Comestibles
 b - 10 meat rations
 s - 3 chunks of flesh
 A - 42 fruits


   Skills:
 + Level 12.0 Fighting
 + Level 12.8 Maces & Flails
 + Level 12.4 Armour
 + Level 4.7 Dodging
 + Level 10.4 Shields
 - Level 11.0 Evocations


You had 13 spell levels left.
You didn't know any spells.

Dungeon Overview and Level Annotations

Branches:
Dungeon (12/15)            Temple (0/1) D:4            Lair (8/8) D:10
  Swamp (0/4) Lair:6       Spider (0/4) Lair:3        Slime (0/6) Lair:6
    Orc (1/2) D:9

Altars:
Ashenzari
Cheibriados
Dithmenos
Elyvilon
Kikubaaqudgha
Nemelex Xobeh
Okawaru
Pakellas
Qazlal
Ru
Xom
Yredelemnul
Zin
Jiyva

Shops:
D:5 *   D:6 ?!!   D:7 !   D:9 ?

Portals:
Ice
Cave: Orc:1


Innate Abilities, Weirdness & Mutations

You are resistant to torment.
Your stone body is resilient (AC +9).
You are immune to poison.
Your large and strong wings let you fly indefinitely.
You resist negative energy.
You are resistant to electric shocks.
You can survive without breathing.
You are immune to petrification.
You are immune to rotting.


Message History

* * * LOW HITPOINT WARNING * * *
The orc warrior barely misses you.
You sock the orc knight!
You kill the orc knight!
Trog accepts your kill. You block the ice beast's attack.
The orc warrior barely misses you. You block the orc warrior's attack.
Unknown command.
Your shield and crystal plate armour prevent you from hitting the ice beast.
The orc warrior no longer looks unusually strong.
The ice beast hits you but does no damage.
You block the ice beast's attack. You block the orc's attack.
You block the orc warrior's attack.
The orc warrior hits you but does no damage.
The ice beast hits you but does no damage.
You barely miss the ice beast.
The orc warrior hits you but does no damage.
You block the ice beast's attack. You block the orc's attack.
The orc warrior hits you with a dire flail!!
You die...

##.##..#...........#
###...###..........
#...###.....Y....
##.###....YYY....
####....##o...∩.
#...ooY##o....
##.YooY###oo..
####YoY# ....
#.oY@## ...
#....oooo# ..
#.....oo...
#............
...............
...#...........
...............
....>..........


You could see 6 orc warriors, 6 ice beasts and 6 orcs.

Vanquished Creatures
  An orc warlord (Orc:1)
  Snorg (D:10)
  Harold (Lair:4)
  4 hydras
  A catoblepas (Lair:1)
  Erica (Lair:2)
  Urug (Lair:4)
  Nergalle (Lair:1)
  An unseen horror (D:11)
  2 hill giants
  5 orc knights
  Pikel (D:9)
  A phantasmal warrior (D:11)
  2 griffons (Lair:8)
  An orc sorcerer (Orc:1)
  9 elephants (Lair:7)
  Maurice (D:8)
  Joseph (D:8)
  12 black mambas
  Psyche (D:7)
  A torpor snail (Lair:6)
  17 spiny frogs
  A rime drake (Lair:4)
  6 komodo dragons
  A kobold demonologist (D:11)
  2 trolls (D:9)
  3 giant leeches (Lair:8)
  21 blink frogs
  A boulder beetle (Lair:6)
  A redback (Lair:3)
  2 wyverns
  2 shadows (D:11)
  35 yaks
  A basilisk (Lair:8)
  3 hippogriffs
  A wraith (D:11)
  A fire elemental (Lair:6)
  A steam dragon (D:8)
  7 vampire mosquitoes
  A warg (D:9)
  Menkaure (D:5)
  A soldier ant (D:9)
  5 porcupines
  12 water moccasins
  A swamp drake (D:9)
  2 wasps (D:9)
  2 ice beasts
  2 phantoms (D:9)
  2 slaves (D:8)
  3 sky beasts
  19 orc warriors
  5 ogres
  An eye of draining (D:9)
  18 wolves
  6 centaurs
  13 crocodiles
  A big kobold (D:10)
  26 giant frogs
  A wyvern skeleton (D:10)
  2 scorpions
  A water moccasin skeleton (D:6)
  6 killer bees (D:7)
  6 wights
  7 howler monkeys
  3 electric eels (Lair:8)
  5 centaur zombies
  A giant frog zombie (D:7)
  A lava snake (Lair:6)
  3 crimson imps
  7 hounds
  A centaur skeleton (D:7)
  2 jellies
  3 giant frog skeletons
  4 orc priests
  Crazy Yiuf (D:5)
  10 iguanas
  11 orc wizards
  8 worker ants
  13 sheep (Lair:6)
  A worker ant zombie (D:9)
  5 adders
  36 river rats
  4 shadow imps
  An adder skeleton (D:5)
  6 worms
  2 dart slugs
  7 giant geckos
  42 orcs
  3 ball pythons
  7 bats
  7 giant cockroaches
  8 goblins
  4 hobgoblins
  8 jackals
  2 quokkas
  A giant gecko skeleton (D:8)
  11 giant newts
  8 kobolds
  8 rats
543 creatures vanquished.

Vanquished Creatures (collateral kills)
  A death knight (D:11)
  A wraith (D:11)
  An orc warrior (Bailey)
  A centaur (D:11)
  A wight (D:11)
  8 orcs (Bailey)
  A goblin (D:11)
14 creatures vanquished.

Vanquished Creatures (others)
  3 orcs (D:9)
  26 fungi
  10 plants (Lair:8)
39 creatures vanquished.

Grand Total: 596 creatures vanquished

Notes
Turn   | Place    | Note
--------------------------------------------------------------
     0 | D:1      | theElss the Gargoyle Berserker began the quest for the Orb.
     0 | D:1      | Reached XP level 1. HP: 14/14 MP: 1/1
   217 | D:1      | Reached XP level 2. HP: 14/19 MP: 2/2
   646 | D:2      | Reached XP level 3. HP: 22/24 MP: 3/3
   674 | D:2      | Reached ** piety under Trog
  1016 | D:2      | Found a sacrificial altar of Ru.
  1527 | D:3      | Reached XP level 4. HP: 21/29 MP: 4/4
  1804 | D:3      | Found a basalt altar of Yredelemnul.
  2168 | D:4      | Reached XP level 5. HP: 33/33 MP: 5/5
  2303 | D:4      | Found a shattered altar of Ashenzari.
  2317 | D:4      | Got a bloodstained flail
  2318 | D:4      | Identified the +5 flail "Fetseism" {crush, +Blink rPois Str+3 Dex+4} (You found it on level 4 of the Dungeon)
  2375 | D:4      | Found a staircase to the Ecumenical Temple.
  2491 | D:4      | Found an iron altar of Okawaru.
  2731 | D:5      | Entered Level 5 of the Dungeon
  2737 | D:5      | Reached *** piety under Trog
  2741 | D:5      | Reached XP level 6. HP: 33/39 MP: 6/6
  2903 | D:5      | Found a stormy altar of Qazlal.
  2914 | D:5      | Noticed a water elemental
  2917 | D:5      | Noticed an air elemental
  2917 | D:5      | Noticed a fire elemental
  2981 | D:5      | Noticed Menkaure
  2983 | D:5      | Killed Menkaure
  2983 | D:5      | Reached skill level 5 in Fighting
  2983 | D:5      | Reached XP level 7. HP: 44/44 MP: 7/7
  3093 | D:5      | Noticed Crazy Yiuf
  3102 | D:5      | Killed Crazy Yiuf
  3162 | D:5      | Found Zin's Purification Station.
  3165 | D:5      | Found a glowing silver altar of Zin.
  3502 | D:6      | Reached skill level 5 in Maces & Flails
  3519 | D:6      | Reached skill level 5 in Armour
  3762 | D:6      | Found Ybidief's Distillery.
  3769 | D:6      | Bought 2 potions of curing for 84 gold pieces
  3769 | D:6      | Bought a potion of flight for 42 gold pieces
  3769 | D:6      | Bought a potion of haste for 140 gold pieces
  3769 | D:6      | Bought a potion of heal wounds for 70 gold pieces
  3786 | D:6      | Found Qecokezuna's Distillery.
  3842 | D:6      | Reached XP level 8. HP: 50/50 MP: 8/8
  4038 | D:6      | Found Niggah's Magic Scroll Emporium.
  4049 | D:6      | Found a glowing silver altar of Zin.
  4079 | D:6      | Noticed a hill giant
  4090 | D:6      | Killed a hill giant
  4486 | D:7      | Reached XP level 9. HP: 55/55 MP: 9/9
  4804 | D:7      | Reached **** piety under Trog
  4855 | D:7      | Found a snail-covered altar of Cheibriados.
  4889 | D:7      | Found a sparkling altar of Nemelex Xobeh.
  4976 | D:7      | Found a white marble altar of Elyvilon.
  5079 | D:7      | Found Henwi Mupt's Distillery.
  5082 | D:7      | Bought a potion of degeneration for 11 gold pieces
  5082 | D:7      | Bought a potion of agility for 44 gold pieces
  5279 | D:8      | Noticed Psyche
  5314 | D:7      | Killed Psyche
  5458 | D:8      | Noticed Maurice
  5486 | D:8      | Killed Maurice
  5528 | D:8      | Reached XP level 10. HP: 63/64 MP: 10/10
  5586 | D:8      | Found an oddly glowing altar of Pakellas.
  5735 | D:8      | Noticed Joseph
  5910 | D:8      | Killed Joseph
  6051 | D:8      | Found a shimmering altar of Xom.
  6116 | D:9      | Found Ucucreifu's Magic Scroll Boutique.
  6137 | D:9      | Bought a scroll of teleportation for 51 gold pieces
  6137 | D:9      | Bought a scroll of remove curse for 51 gold pieces
  6160 | D:9      | Noticed Pikel
  6274 | D:9      | Killed Pikel
  6364 | D:9      | Reached skill level 10 in Maces & Flails
  6393 | D:9      | Found an ancient bone altar of Kikubaaqudgha.
  6583 | D:9      | Found a staircase to the Orcish Mines.
  6658 | D:9      | Reached ***** piety under Trog
  6708 | D:9      | Reached XP level 11. HP: 64/71 MP: 11/11
  7172 | D:9      | Reached skill level 10 in Armour
  7338 | D:9      | Bought a scroll of noise for 17 gold pieces
  7338 | D:9      | Bought a scroll of identify for 34 gold pieces
  7338 | D:9      | Bought a scroll of fog for 34 gold pieces
  7363 | D:10     | Entered Level 10 of the Dungeon
  7431 | D:10     | Found a staircase to the Lair.
  7482 | D:10     | Reached skill level 10 in Fighting
  7633 | D:10     | Noticed a five-headed hydra
  7639 | D:10     | Killed a five-headed hydra
  7741 | D:10     | Noticed Snorg
  7761 | D:10     | Killed Snorg
  8472 | D:11     | Received a gift from Trog
  8578 | D:11     | Noticed a phantasmal warrior
  8579 | D:11     | Noticed a death knight
  8579 | D:11     | Noticed a hill giant
  8603 | D:11     | Killed a phantasmal warrior
  8610 | D:11     | Killed a hill giant
  8620 | D:11     | Killed a death knight
  8620 | D:11     | Reached XP level 12. HP: 24/80 MP: 12/12
  8696 | D:11     | Found a flagged portal.
  8702 | Bailey   | Entered a bailey
 10127 | D:11     | Found a shadowy altar of Dithmenos.
 10446 | D:6      | Bought a scroll of remove curse for 39 gold pieces
 10446 | D:6      | Bought a scroll of enchant weapon for 97 gold pieces
 10446 | D:6      | Bought a scroll of fear for 45 gold pieces
 10446 | D:6      | Bought a scroll of random uselessness for 13 gold pieces
 10788 | Lair:1   | Entered Level 1 of the Lair of Beasts
 10877 | Lair:1   | Noticed a catoblepas
 10891 | Lair:1   | Killed a catoblepas
 11002 | Lair:1   | Noticed Nergalle
 11016 | Lair:1   | Killed Nergalle
 11593 | Lair:1   | Received a gift from Trog
 11598 | Lair:1   | Reached skill level 1 in Shields
 11960 | Lair:2   | Noticed Erica
 11968 | Lair:2   | Killed Erica
 11968 | Lair:2   | Reached skill level 5 in Shields
 11970 | Lair:2   | Reached XP level 13. HP: 86/86 MP: 13/13
 12661 | Lair:3   | Found a hole to the Spider Nest.
 13536 | Lair:2   | Identified a +0 rod of ignition (13/13) (You found it on level 3 of the Lair of Beasts)
 13722 | Lair:4   | Noticed Harold
 13738 | Lair:4   | Killed Harold
 14272 | Lair:4   | Noticed Urug
 14293 | Lair:4   | Killed Urug
 14689 | Lair:5   | Got an aquamarine-encrusted ring mail
 15102 | Lair:6   | Reached skill level 10 in Shields
 15210 | Lair:6   | Reached skill level 1 in Evocations
 15489 | Lair:6   | Received a gift from Trog
 15529 | Lair:6   | Found a staircase to the Swamp.
 15886 | Lair:6   | Found a viscous altar of Jiyva.
 15887 | Lair:6   | Found a staircase to the Slime Pits.
 16175 | Lair:7   | Reached skill level 5 in Evocations
 16788 | Lair:7   | Gained mutation: Your large and strong wings let you fly indefinitely. [Gargoyle growth]
 16788 | Lair:7   | Reached XP level 14. HP: 92/92 MP: 19/19
 16907 | Lair:7   | Got an ancient scale mail
 16978 | Lair:7   | Identified the +1 ring mail "Alig Fyo" {rPois rN++ Int-2 Dex+8} (You found it on level 5 of the Lair of Beasts)
 16988 | Lair:7   | Identified the +8 scale mail "Addouth" {rElec} (You found it on level 7 of the Lair of Beasts)
 17025 | Lair:8   | Entered Level 8 of the Lair of Beasts
 17091 | Lair:7   | Received a gift from Trog
 17552 | Lair:8   | Reached skill level 10 in Evocations
 18188 | Lair:8   | Found an oddly glowing altar of Pakellas.
 18201 | Lair:8   | Reached ****** piety under Trog
 18328 | Lair:8   | Received a gift from Trog
 18782 | Orc:1    | Entered Level 1 of the Orcish Mines
 18836 | Orc:1    | Noticed an orc warlord
 18948 | Orc:1    | Killed an orc warlord
 19064 | Orc:1    | Found a frozen archway.
 19097 | Orc:1    | Slain by an orc warrior

Skill      XL: |  1  2  3  4  5  6  7  8  9 10 11 12 13 14 |
---------------+-------------------------------------------+-----
Dodging        | 2 3 4 |  4.7
Fighting       | 4 5 6 7 9 11 12 | 12.0
Armour         | 3 4 5 7 9 11 12 | 12.4
Maces & Flails | 4 5 6 8 10 11 12 | 12.8
Shields        | 5 10 | 10.4
Evocations     | 7 11 | 11.0

Action                   |  1- 3 |  4- 6 |  7- 9 | 10-12 | 13-15 || total
-------------------------+-------+-------+-------+-------+-------++-------
Melee: Mace              |   145 |    83 |       |       |       ||   228
       Flail             |       |    35 |   210 |   734 |  1082 ||  2061
Invok: Berserk           |     1 |     1 |     4 |    11 |     3 ||    20
       Trog's Hand       |       |       |     1 |     2 |       ||     3
       Brothers in Arms  |       |       |       |     2 |       ||     2
 Abil: Fly               |       |       |       |       |     1 ||     1
  Use: Potion            |       |       |       |     1 |       ||     1
       Scroll            |       |       |       |    10 |     6 ||    16
 Stab: Confused          |       |       |       |     2 |       ||     2
  Eat: Chunk             |     3 |     5 |    13 |    31 |    28 ||    80
       Fruit             |       |       |     1 |     1 |       ||     2
Armor: Animal skin       |    13 |       |       |       |       ||    13
       Leather armour    |    32 |       |       |       |       ||    32
       Ring mail         |    11 |       |       |       |       ||    11
       Plate armour      |       |   104 |   177 |   456 |       ||   737
       Crystal plate arm |       |       |       |   178 |   777 ||   955
Dodge: Dodged            |    87 |    57 |    82 |   335 |   241 ||   802
Block: Large shield      |       |       |       |    78 |  1281 ||  1359
